 Dungeon Sprint DCSS version 0.23.2-30-g0e89c35649 (webtiles) character file.

Game seed: 9706952796385025266

19304 HASTUR3 the Gnoll Aeon (level 12, 40/103 HPs)
             Began as a Gnoll Skald on June 20, 2019.
             Was the Champion of Cheibriados.
             Quit the game in the Dungeon (Sprint IX: "|||||||||||||||||||||||||||||").
             The game lasted 00:26:39 (3071 turns).

HASTUR3 the Gnoll Aeon (Gnoll Skald)                Turns: 3071, Time: 00:26:40

Health: 40/103     AC: 27    Str: 29    XL:     12   Next: 67%
Magic:  15/28      EV: 21    Int: 41    God:    Cheibriados [******]
Gold:   117        SH:  0    Dex: 34    Spells: 20/36 levels left

rFire    . . .     SeeInvis +     - Unarmed
rCold    . . .     Gourm    .   (no shield)
rNeg     . . .     Faith    .   D - +1 plate armour {MR+}
rPois    .         Spirit   .   B - +0 helmet
rElec    .         Reflect  .   A - +0 cloak
rCorr    .         Harm     .   a - +3 pair of gauntlets of War {Slay+5}
MR       +....     NoTele   +   x - +0 pair of boots
Stlth    +++.......             (no amulet)
HPRegen  0.27/turn              c - ring "Sufymp" {Str-3 Int+10 Dex+3 SInv Stlth+}
MPRegen  0.21/turn              v - +2 ring of protection

@: very slow
A: distributed training, fangs 1, strong nose
a: Bend Time, Temporal Distortion, Slouch, Step From Time, Renounce Religion


You were in the Dungeon.
You worshipped Cheibriados.
Cheibriados was exalted by your worship.
You were not hungry.

You visited 1 branch You collected 1900 gold pieces.
You spent 1783 gold pieces at shops.

Inventory:

Hand Weapons
 o - the +8 hunting sling of Extremism {flame, rC+}
   (You found it in the Dungeon)

   It causes projectiles fired from it to burn those they strike, causing extra
   injury to most foes and up to half again as much damage against particularly
   susceptible opponents.
   It protects you from cold.
 p - a +2 halberd of protection
 r - a +2 scimitar of flaming
 z - a +0 hand crossbow
 C - a +0 triple crossbow
 E - a +3 dire flail of protection
 F - a +1 lajatang
 L - a +2 scimitar of flaming
Missiles
 n - 21 tomahawks (quivered)
Armour
 a - the +3 pair of gauntlets of War (worn) {Slay+5}
   (You bought it in a shop in the Dungeon)

   It affects your accuracy and damage with ranged weapons and melee attacks
   (+5).
 x - a +0 pair of boots (worn)
 A - a +0 cloak (worn)
 B - a +0 helmet (worn)
 D - a +1 plate armour of magic resistance (worn)
 G - a +1 helmet
 H - a +1 cloak
 I - +1 ice dragon scales
Jewellery
 c - the ring "Sufymp" (left hand) {Str-3 Int+10 Dex+3 SInv Stlth+}
   (You found it in the Dungeon)

   [ring of stealth]

   It affects your strength (-3).
   It affects your intelligence (+10).
   It affects your dexterity (+3).
   It lets you see invisible.
   It makes you more stealthy.
 q - an uncursed ring of ice
 s - an uncursed ring of protection from fire
 t - an uncursed ring of protection from magic
 u - an uncursed ring of poison resistance
 v - a +2 ring of protection (right hand)
Wands
 m - a wand of iceblast (10)
Scrolls
 g - 2 scrolls of fear
 i - 3 scrolls of fog
 j - 2 scrolls of blinking
 k - 4 scrolls of remove curse
 l - 2 scrolls of amnesia
 w - 4 scrolls of enchant weapon
 y - 3 scrolls of identify
 K - 2 scrolls of enchant armour
Potions
 b - 2 potions of might
 e - 4 potions of curing
 f - 7 potions of heal wounds
 h - 4 potions of magic
 J - a potion of brilliance
Comestibles
 d - 11 rations


   Skills:
 + Level 12.5 Fighting
 + Level 11.7 Short Blades
 + Level 12.5 Long Blades
 + Level 11.7 Axes
 + Level 11.7 Maces & Flails
 + Level 11.7 Polearms
 + Level 11.7 Staves
 + Level 11.7 Slings
 + Level 11.7 Bows
 + Level 11.7 Crossbows
 + Level 11.7 Throwing
 + Level 12.0 Armour
 + Level 12.5 Dodging
 + Level 11.7 Stealth
 + Level 11.7 Shields
 + Level 11.7 Unarmed Combat
 + Level 12.6 Spellcasting
 + Level 10.0 Conjurations
 + Level 10.0 Hexes
 + Level 11.3 Charms
 + Level 10.0 Summonings
 + Level 10.0 Necromancy
 + Level 10.0 Translocations
 + Level 10.0 Transmutations
 + Level 10.0 Fire Magic
 + Level 10.0 Ice Magic
 + Level 10.0 Air Magic
 + Level 10.0 Earth Magic
 + Level 10.0 Poison Magic
 + Level 12.6 Invocations
 + Level 11.7 Evocations


You had 20 spell levels left.
You knew the following spells:

 Your Spells              Type           Power        Failure   Level  Hunger
a - Infusion              Chrm           ####         1%          1    None
b - Shroud of Golubria    Chrm/Tloc      #######...   1%          2    None
c - Song of Slaying       Chrm           #######.     1%          2    None
d - Regeneration          Chrm/Necr      #######...   1%          3    None
e - Spectral Weapon       Hex/Chrm       #######.     1%          3    None
f - Blade Hands           Tmut           #######...   3%          5    None

Your spell library contained the following spells:

 Spells                   Type           Power        Failure   Level  Hunger
 Beastly Appendage        Tmut           ######       1%          1    None
 Shock                    Conj/Air       ####         1%          1    None
 Swiftness                Chrm/Air       #######.     1%          2    None
 Static Discharge         Conj/Air       #######.     1%          3    None
 Airstrike                Air            #######...   1%          4    None
 Sticky Flame             Conj/Fire      #######.     1%          4    None
 Fireball                 Conj/Fire      #######...   3%          5    None
 Irradiate                Conj/Tmut      #######...   3%          5    None
 Lightning Bolt           Conj/Air       #######...   3%          5    None


Dungeon Overview and Level Annotations

Branches:
Dungeon (1/1)

Altars:
Cheibriados
Dithmenos
Elyvilon
Fedhas
Gozag
Hepliaklqana
Kikubaaqudgha
Makhleb
Nemelex Xobeh
Okawaru
Qazlal
Ru
Sif Muna
Trog
Uskayaw
Vehumet
Wu Jian
Xom
Yredelemnul
Zin
The Shining One
Beogh
Jiyva
Lugonu

Shops:
D :[*[


Innate Abilities, Weirdness & Mutations

Your experience applies equally to all skills.
You have very sharp teeth.
Your uncanny sense of smell can sniff out nearby items.


Message History

Things that are here:
a +0 war axe; a +0 ring mail; a +0 shield You close the door, pushing everything out of the way.
You see here a +0 ring mail.
Your shroud begins to fray at the edges.
Things that are here:
a +0 dagger; an elf corpse Your shroud unravels.
You are feeling very hungry.
You see here an arrow.
Your magical infusion is running out.
You are no longer magically infusing your attacks.
You see here a +0 ring mail of fire resistance.
You start resting.
Eating a chunk of flesh.
You eat the chunk of flesh.
This raw flesh tastes terrible.
A stone giant comes into view.
Okay, then.
Are you sure you want to abandon this character and quit the game? (Confirm with "yes".)
Okay, then.
Are you sure you want to abandon this character and quit the game? (Confirm with "yes".)

......'÷........÷.........'......
▓▓▓▓▓▓▓▓▓▓▓▓▓▓▓▓▓▓▓▓▓▓▓▓▓▓▓▓▓▓▓▓▓
.......................).........
▓▓▓▓▓▓▓▓▓▓▓▓▓▓▓▓▓▓▓▓▓▓▓▓▓▓▓▓▓▓▓▓▓
))))).)....)'[))).)).....'[....∩[
▓▓▓▓▓▓▓▓▓▓▓▓▓▓▓▓▓▓▓▓▓▓▓▓▓▓▓▓▓▓▓▓▓
......................)..........
▓▓▓▓▓▓▓▓▓▓▓▓▓▓▓▓▓▓▓▓▓▓▓▓▓▓▓▓▓▓▓▓▓
).))..))..[[[.[.@.....(C.)[+÷)...
▓▓▓▓▓▓▓▓▓▓▓▓▓▓▓▓▓▓▓▓▓▓▓▓▓▓▓▓▓▓▓▓▓


You could see a stone giant (wandering).

Vanquished Creatures
  A very ugly thing (D)
  Harold (D)
  A hydra (D)
  Erica (D)
  A centaur warrior (D)
  An ogre mage (D)
  A tengu warrior (D)
  5 deep trolls (D)
  3 lindwurms (D)
  2 deep elf magi (D)
  3 orc knights (D)
  A manticore (D)
  An ugly thing (D)
  A black mamba (D)
  A gargoyle (D)
  A rime drake (D)
  An efreet (D)
  2 komodo dragons (D)
  A tengu conjurer (D)
  7 trolls (D)
  3 tyrant leeches (D)
  2 slime creatures (D)
  A hornet (D)
  A blink frog (D)
  2 hippogriffs (D)
  4 yaks (D)
  3 water moccasins (D)
  8 orc warriors (D)
  An eye of draining (D)
  A wolf (D)
  A crocodile (D)
  A big kobold (D)
  A bullfrog (D)
  2 scorpions (D)
  A killer bee (D)
  A crimson imp (D)
  2 hounds (D)
  A jelly (D)
  5 orc priests (D)
  An orc wizard (D)
  2 worker ants (D)
  2 adders (D)
  2 worms (D)
  An adder simulacrum (D)
  A leopard gecko (D)
  9 orcs (D)
  2 giant cockroaches (D)
  2 hobgoblins (D)
  A bat (D)
  A quokka zombie (D)
101 creatures vanquished.

Notes
Turn   | Place    | Note
-------+----------+-------------------------------------------
     0 | D        | HASTUR3 the Gnoll Skald began the quest for the Orb.
     0 | D        | Reached XP level 1. HP: 20/20 MP: 6/6
     8 | D        | Reached skill level 5 in Spellcasting
    10 | D        | Reached skill level 1 in Invocations
    15 | D        | Reached skill level 1 in Short Blades
    15 | D        | Reached skill level 1 in Axes
    15 | D        | Reached skill level 1 in Maces & Flails
    15 | D        | Reached skill level 1 in Polearms
    15 | D        | Reached skill level 1 in Staves
    15 | D        | Reached skill level 1 in Slings
    15 | D        | Reached skill level 1 in Bows
    15 | D        | Reached skill level 1 in Crossbows
    15 | D        | Reached skill level 1 in Throwing
    15 | D        | Reached skill level 1 in Stealth
    15 | D        | Reached skill level 1 in Shields
    15 | D        | Reached skill level 1 in Unarmed Combat
    15 | D        | Reached skill level 1 in Evocations
    82 | D        | Noticed a crimson imp
    82 | D        | Noticed a hound
    83 | D        | Reached XP level 2. HP: 26/26 MP: 5/8
    99 | D        | Reached skill level 5 in Fighting
    99 | D        | Reached skill level 5 in Long Blades
    99 | D        | Reached skill level 5 in Dodging
    99 | D        | Reached skill level 1 in Conjurations
    99 | D        | Reached skill level 1 in Hexes
    99 | D        | Reached skill level 1 in Summonings
    99 | D        | Reached skill level 1 in Necromancy
    99 | D        | Reached skill level 1 in Translocations
    99 | D        | Reached skill level 1 in Transmutations
    99 | D        | Reached skill level 1 in Fire Magic
    99 | D        | Reached skill level 1 in Ice Magic
    99 | D        | Reached skill level 1 in Air Magic
    99 | D        | Reached skill level 1 in Earth Magic
    99 | D        | Reached skill level 1 in Poison Magic
    99 | D        | Reached XP level 3. HP: 20/33 MP: 0/9
   154 | D        | Reached XP level 4. HP: 14/39 MP: 2/11
   345 | D        | Found a roughly hewn altar of Beogh.
   345 | D        | Found a snail-covered altar of Cheibriados.
   345 | D        | Found a shadowy altar of Dithmenos.
   345 | D        | Found a white marble altar of Elyvilon.
   345 | D        | Found a blossoming altar of Fedhas.
   345 | D        | Found an opulent altar of Gozag.
   346 | D        | Found a hazy altar of Hepliaklqana.
   347 | D        | Found a viscous altar of Jiyva.
   348 | D        | Found an ancient bone altar of Kikubaaqudgha.
   349 | D        | Became a worshipper of Cheibriados the Contemplative
   350 | D        | Found a corrupted altar of Lugonu.
   351 | D        | Found a burning altar of Makhleb.
   352 | D        | Found a sparkling altar of Nemelex Xobeh.
   353 | D        | Found an iron altar of Okawaru.
   354 | D        | Found a stormy altar of Qazlal.
   355 | D        | Found a sacrificial altar of Ru.
   356 | D        | Found a deep blue altar of Sif Muna.
   357 | D        | Found a bloodstained altar of Trog.
   358 | D        | Found a hide-covered altar of Uskayaw.
   359 | D        | Found a radiant altar of Vehumet.
   360 | D        | Found an ornate altar of the Wu Jian Council.
   361 | D        | Found a shimmering altar of Xom.
   362 | D        | Found a basalt altar of Yredelemnul.
   363 | D        | Found a glowing silver altar of Zin.
   364 | D        | Found a glowing golden altar of the Shining One.
   381 | D        | Got the +2 rapier "Laisug" {venom, *Noise +Blink Str+4}
   416 | D        | Noticed a gargoyle
   418 | D        | Reached XP level 5. HP: 46/46 MP: 11/13
   419 | D        | Reached * piety under Cheibriados
   421 | D        | Reached ** piety under Cheibriados
   439 | D        | Killed a gargoyle
   439 | D        | Reached skill level 5 in Short Blades
   439 | D        | Reached skill level 5 in Axes
   439 | D        | Reached skill level 5 in Maces & Flails
   439 | D        | Reached skill level 5 in Polearms
   439 | D        | Reached skill level 5 in Staves
   439 | D        | Reached skill level 5 in Slings
   439 | D        | Reached skill level 5 in Bows
   439 | D        | Reached skill level 5 in Crossbows
   439 | D        | Reached skill level 5 in Throwing
   439 | D        | Reached skill level 5 in Armour
   439 | D        | Reached skill level 5 in Stealth
   439 | D        | Reached skill level 5 in Shields
   439 | D        | Reached skill level 5 in Unarmed Combat
   439 | D        | Reached skill level 5 in Invocations
   439 | D        | Reached skill level 5 in Evocations
   439 | D        | Reached XP level 6. HP: 16/53 MP: 14/16
   439 | D        | Reached XP level 7. HP: 18/59 MP: 14/17
   445 | D        | Reached *** piety under Cheibriados
   646 | D        | Noticed a deep elf mage
   646 | D        | Noticed a hornet
   646 | D        | Noticed a slime creature
   651 | D        | Noticed a redback
   659 | D        | Killed a deep elf mage
   659 | D        | Reached skill level 5 in Conjurations
   659 | D        | Reached skill level 5 in Hexes
   659 | D        | Reached skill level 5 in Summonings
   659 | D        | Reached skill level 5 in Necromancy
   659 | D        | Reached skill level 5 in Translocations
   659 | D        | Reached skill level 5 in Transmutations
   659 | D        | Reached skill level 5 in Fire Magic
   659 | D        | Reached skill level 5 in Ice Magic
   659 | D        | Reached skill level 5 in Air Magic
   659 | D        | Reached skill level 5 in Earth Magic
   659 | D        | Reached skill level 5 in Poison Magic
   659 | D        | Reached XP level 8. HP: 53/68 MP: 17/19
   665 | D        | Paralysed by a hornet for 2 turns
   672 | D        | Killed a hornet
   678 | D        | Reached **** piety under Cheibriados
   682 | D        | Killed a slime creature
   685 | D        | Reached ***** piety under Cheibriados
   893 | D        | Got the ring "Sufymp" {Str-3 Int+10 Dex+3 SInv Stlth+}
   911 | D        | Learned a level 2 spell: Shroud of Golubria
   914 | D        | Learned a level 2 spell: Song of Slaying
   918 | D        | Learned a level 3 spell: Regeneration
   922 | D        | Learned a level 3 spell: Spectral Weapon
   924 | D        | Noticed a blink frog
   924 | D        | Noticed a yak
   924 | D        | Noticed a yak
   927 | D        | Noticed a black mamba
   929 | D        | Killed a yak
   931 | D        | Reached XP level 9. HP: 68/75 MP: 14/21
   932 | D        | Noticed a komodo dragon
   939 | D        | Reached ****** piety under Cheibriados
   941 | D        | Killed a black mamba
   950 | D        | Killed a komodo dragon
  1256 | D        | Noticed a six-headed hydra
  1256 | D        | Noticed a komodo dragon
  1268 | D        | Noticed a rime drake
  1271 | D        | Killed a six-headed hydra
  1271 | D        | Reached XP level 10. HP: 52/83 MP: 8/23
  1284 | D        | Reached skill level 10 in Spellcasting
  1290 | D        | Reached skill level 10 in Fighting
  1290 | D        | Reached skill level 10 in Long Blades
  1290 | D        | Reached skill level 10 in Dodging
  1541 | D        | Noticed a lindwurm
  1541 | D        | Noticed a lindwurm
  1582 | D        | Killed a lindwurm
  1584 | D        | Noticed a lindwurm
  1591 | D        | Reached skill level 10 in Invocations
  1597 | D        | Killed a lindwurm
  1601 | D        | Killed a lindwurm
  1601 | D        | Reached XP level 11. HP: 65/92 MP: 20/25
  1857 | D        | Noticed Erica
  1872 | D        | Killed Erica
  1872 | D        | Reached skill level 10 in Armour
  2093 | D        | Noticed an orc knight
  2096 | D        | Killed an orc knight
  2096 | D        | Reached skill level 10 in Short Blades
  2096 | D        | Reached skill level 10 in Axes
  2096 | D        | Reached skill level 10 in Maces & Flails
  2096 | D        | Reached skill level 10 in Polearms
  2096 | D        | Reached skill level 10 in Staves
  2096 | D        | Reached skill level 10 in Slings
  2096 | D        | Reached skill level 10 in Bows
  2096 | D        | Reached skill level 10 in Crossbows
  2096 | D        | Reached skill level 10 in Throwing
  2096 | D        | Reached skill level 10 in Stealth
  2096 | D        | Reached skill level 10 in Shields
  2096 | D        | Reached skill level 10 in Unarmed Combat
  2096 | D        | Reached skill level 10 in Charms
  2096 | D        | Reached skill level 10 in Evocations
  2097 | D        | Noticed an orc knight
  2102 | D        | Noticed an orc knight
  2108 | D        | Killed an orc knight
  2122 | D        | Killed an orc knight
  2360 | D        | Found Syuff's Book Emporium.
  2360 | D        | Noticed a deep troll
  2360 | D        | Noticed a deep troll
  2361 | D        | Noticed a deep troll
  2367 | D        | Killed a deep troll
  2375 | D        | Killed a deep troll
  2378 | D        | Killed a deep troll
  2384 | D        | Found Hilukais's Armour Shoppe.
  2392 | D        | Found Ameevom's Assorted Antiques.
  2395 | D        | Found Qerhaow's Armour Shoppe.
  2400 | D        | Noticed an ogre mage
  2401 | D        | Noticed a deep troll
  2407 | D        | Noticed a deep troll
  2408 | D        | Killed an ogre mage
  2408 | D        | Reached XP level 12. HP: 59/101 MP: 15/27
  2730 | D        | Bought a book of Air for 455 gold pieces
  2730 | D        | Bought the Grimoire of Unstable Ignition for 663 gold
                  | pieces
  2745 | D        | Learned a level 5 spell: Blade Hands
  2756 | D        | Bought the +3 pair of gauntlets of War {Slay+5} for 665
                  | gold pieces
  2756 | D        | Found the +3 pair of gauntlets of War {Slay+5}
  2809 | D        | Noticed Harold
  2820 | D        | Killed Harold
  2931 | D        | Got the +8 hunting sling of Extremism {flame, rC+}
  2970 | D        | Noticed a tengu warrior
  2977 | D        | Killed a tengu warrior
  2997 | D        | Noticed a red very ugly thing
  3006 | D        | Noticed a centaur warrior
  3008 | D        | Killed a red very ugly thing
  3011 | D        | Reached skill level 10 in Conjurations
  3011 | D        | Reached skill level 10 in Hexes
  3011 | D        | Reached skill level 10 in Summonings
  3011 | D        | Reached skill level 10 in Necromancy
  3011 | D        | Reached skill level 10 in Translocations
  3011 | D        | Reached skill level 10 in Transmutations
  3011 | D        | Reached skill level 10 in Fire Magic
  3011 | D        | Reached skill level 10 in Ice Magic
  3011 | D        | Reached skill level 10 in Air Magic
  3011 | D        | Reached skill level 10 in Earth Magic
  3011 | D        | Reached skill level 10 in Poison Magic
  3013 | D        | Killed a centaur warrior
  3017 | D        | Noticed an ogre mage
  3070 | D        | Noticed a stone giant
  3071 | D        | Quit the game

Skill      XL: |  1  2  3  4  5  6  7  8  9 10 11 12 |
---------------+-------------------------------------+-----
Spellcasting   | 5 6 7 8 9 10 11 12 | 12.6
Invocations    | 1 2 3 5 6 7 9 10 11 12 | 12.6
Short Blades   | 1 2 3 5 6 8 9 10 11 | 11.7
Axes           | 1 2 3 5 6 8 9 10 11 | 11.7
Maces & Flails | 1 2 3 5 6 8 9 10 11 | 11.7
Polearms       | 1 2 3 5 6 8 9 10 11 | 11.7
Staves         | 1 2 3 5 6 8 9 10 11 | 11.7
Slings         | 1 2 3 5 6 8 9 10 11 | 11.7
Bows           | 1 2 3 5 6 8 9 10 11 | 11.7
Crossbows      | 1 2 3 5 6 8 9 10 11 | 11.7
Throwing       | 1 2 3 5 6 8 9 10 11 | 11.7
Stealth        | 1 2 3 5 6 8 9 10 11 | 11.7
Shields        | 1 2 3 5 6 8 9 10 11 | 11.7
Unarmed Combat | 1 2 3 5 6 8 9 10 11 | 11.7
Evocations     | 1 2 3 5 6 8 9 10 11 | 11.7
Fighting       | 5 6 7 8 9 10 11 12 | 12.5
Long Blades    | 5 6 7 8 9 10 11 12 | 12.5
Armour         | 3 4 5 6 7 8 9 11 12 | 12.0
Dodging        | 5 6 7 8 9 10 11 12 | 12.5
Conjurations   | 1 2 4 5 7 9 10 | 10.0
Hexes          | 1 2 4 5 7 9 10 | 10.0
Summonings     | 1 2 4 5 7 9 10 | 10.0
Necromancy     | 1 2 4 5 7 9 10 | 10.0
Translocations | 1 2 4 5 7 9 10 | 10.0
Transmutations | 1 2 4 5 7 9 10 | 10.0
Fire Magic     | 1 2 4 5 7 9 10 | 10.0
Ice Magic      | 1 2 4 5 7 9 10 | 10.0
Air Magic      | 1 2 4 5 7 9 10 | 10.0
Earth Magic    | 1 2 4 5 7 9 10 | 10.0
Poison Magic   | 1 2 4 5 7 9 10 | 10.0
Charms         | 6 7 8 9 10 11 | 11.3

Action                   |  1- 3 |  4- 6 |  7- 9 | 10-12 || total
-------------------------+-------+-------+-------+-------++-------
Melee: Falchion          |    54 |       |       |       ||    54
       Bite              |     5 |     3 |    10 |    37 ||    55
       Dire flail        |       |    21 |    26 |    38 ||    85
       Halberd           |       |       |    33 |   104 ||   137
       Rapier            |       |       |    10 |       ||    10
       Punch             |       |       |     1 |     2 ||     3
       Unarmed           |       |       |       |    26 ||    26
Throw: Tomahawk          |       |       |       |     2 ||     2
 Cast: Infusion          |     3 |       |     1 |     3 ||     7
       Song of Slaying   |       |       |     3 |     4 ||     7
       Shroud of Golubri |       |       |     2 |     5 ||     7
       Spectral Weapon   |       |       |     2 |     3 ||     5
       Blade Hands       |       |       |       |     2 ||     2
Invok: Slouch            |       |       |       |    10 ||    10
  Use: Potion            |       |     1 |     3 |     1 ||     5
       Scroll            |       |       |     1 |       ||     1
 Stab: Invisible         |       |       |     6 |       ||     6
       Sleeping          |       |       |       |     2 ||     2
       Distracted        |       |       |       |     1 ||     1
  Eat: Chunk             |       |       |       |     4 ||     4
Armor: Leather armour    |    11 |       |       |       ||    11
       Scale mail        |       |     3 |    30 |     9 ||    42
       Plate armour      |       |       |       |    37 ||    37
Dodge: Dodged            |    35 |    11 |    67 |   112 ||   225
       Rpst.: Falchion   |    12 |       |       |       ||    12
